AoeStats
← Kokamane18

Arabia

505341375Analyzed
2v2 RM · 23d ago on Sep 8, 2026· 30m 43s· 4 players
Game mode
Random Map
Map size
Medium (4 player)
Population
200
Speed
Normal
Resources
Standard
Victory
Conquest
Starting age
Dark Age
Ending age
Imperial Age
RankedLock teamsTeams togetherTeam positionsShared explorationLock speedFull tech treeHidden civsTurbo modeCheats
Victory
Defeat
🇺🇸 Khmer · United States
893
+13
🇺🇸 Japanese · United States
672
+22
🇩🇪 Poles · Germany
824
-18
🇨🇴 Tatars · Colombia
800
-19
TROGDOR
10:45 Feudal Age
10:34 Loom
11:12 Horse Collar
11:32 Double-Bit Axe
18:31 Castle Age
17:24 Scale Barding Armor
20:05 Husbandry
24:50 Gold Mining
25:12 Bow Saw
25:06 Heavy Plow
27:19 Elite Skirmisher
28:10 Fletching
28:32 Forging
Kokamane18
10:54 Feudal Age
10:20 Loom
11:26 Horse Collar
11:35 Double-Bit Axe
11:45 Gold Mining
20:23 Castle Age
18:01 Man-at-Arms
20:42 Forging
20:53 Scale Mail Armor
21:18 Arson
22:00 Long Swordsman
23:03 Squires
24:50 Bow Saw
30:57 Chain Mail Armor
31:17 Iron Casting
Pendragon
13:34 Feudal Age
16:26 Man-at-Arms
16:52 Arson
19:57 Horse Collar
26:12 Castle Age
28:34 Squires
WALLTHER
10:24 Feudal Age
8:40 Loom
10:54 Double-Bit Axe
15:11 Horse Collar
20:36 Castle Age
19:24 Scale Barding Armor
20:49 Forging
20:59 Fletching
22:25 Bow Saw
23:40 Heavy Plow
24:17 Bloodlines
29:41 Husbandry
30:21 Wheelbarrow
29:32 Town Watch
Connection lost

Rejoining the realm…

Still unreachable

The connection could not be restored.

Session expired

The server has moved on; the page needs a fresh start.